 Seeded DCSS version 0.30-a0-1016-gfb0d676c02 (webtiles) character file.

Game seed: 13137397067068997422 (custom seed)

10 mistaj the Trooper (level 2, -1/16 HPs)
             Began as a Vine Stalker Fighter on Apr 6, 2023.
             Slain by a goblin
             ... wielding a +0 club
              (2 damage)
             ... on level 2 of the Dungeon.
             The game lasted 00:00:28 (64 turns).

mistaj the Trooper (Vine Stalker Fighter)             Turns: 64, Time: 00:00:28

Health: -1/16      AC:  6    Str: 22    XL:     2   Next: 20%
Magic:  0/3        EV:  9    Int:  8    God:
Gold:   21         SH:  4    Dex: 13    Spells: 1/1 levels left

rFire   . . .      SeeInvis .    e - +5 broad axe of the Boar {heavy, Str+4}
rCold   . . .      Faith    .    c - +0 buckler
rNeg    . . .      Spirit   +    b - +0 scale mail
rPois   .          Reflect  .    (no helmet)
rElec   .          Rampage  .    (no cloak)
rCorr   .                        (no gloves)
Will    .....                    (no boots) Stlth
                                 (no amulet)
HPRegen 0.22/turn                (no ring)
MPRegen 0.08/turn                (no ring)

@: no status effects
A: fangs 2, magic shield, antimagic bite, no potion heal 2
a: no special abilities


You were on level 2 of the Dungeon.
You visited 1 branch of the dungeon, and saw 2 of its levels.

You collected 21 gold pieces.

Inventory:

Hand Weapons
 e - the +5 broad axe of the Boar (weapon) {heavy, Str+4}
   (You acquired it on level 1 of the Dungeon)

   Str:       It affects your strength (+4).
Armour
 b - a +0 scale mail (worn)
 c - a +0 buckler (worn)
Potions
 a - a potion of curing {unknown}
 d - a potion of might


   Skills:
 + Level 2.9 Fighting
 * Level 2.1 Axes
 - Level 2.4 Armour
 + Level 2.9 Shields


You had one spell level left.
You didn't know any spells.
Your spell library was empty.

Dungeon Overview and Level Annotations

Branches:
Dungeon (1/15)

Altars:


Innate Abilities, Weirdness & Mutations

You have extremely sharp teeth.
When hurt, damage is shared between your health and your magic reserves.
Your bite disrupts and absorbs the magic of your enemies.
Potions cannot restore your health.


Message History

Found 22 gold pieces.
An endoplasm comes into view.
The endoplasm quivers.
A kobold comes into view. It is wielding a +0 whip.
The kobold shouts!
You hear a shout!
A worm comes into view.
A goblin comes into view. It is wielding a +0 club.
The endoplasm barely misses you.
You slice the endoplasm!!
You kill the endoplasm!
The kobold throws a stone.
The stone hits you but does no damage.
You hit the kobold.
You kill the kobold!
You miss the goblin. You bite the goblin. You drain its power.
The goblin is moderately wounded.
The goblin closely misses you. The goblin hits you with a +0 club.
A rat comes into view.
The goblin hits you with a +0 club.
You miss the goblin.
The goblin is moderately wounded.
You barely miss the worm. The goblin hits you but does no damage.
The worm bites you! The goblin hits you but does no damage.
The worm bites you but does no damage.
You are too injured to fight recklessly!
You are too injured to fight recklessly!
You are too injured to fight recklessly!
You are too injured to fight recklessly!
You are too injured to fight recklessly!
You hit the worm. You bite the worm. You drain its power.
You feel invigorated.
The worm is heavily wounded.
You completely miss the goblin. The goblin hits you with a +0 club.
* * * LOW HITPOINT WARNING * * *
The goblin hits you with a +0 club.
* * * LOW HITPOINT WARNING * * *
The worm bites you.
* * * LOW HITPOINT WARNING * * *
You hit the worm.
The worm is severely wounded.
You hit the goblin but do no damage. The goblin hits you with a +0 club.
You die...

............#
............## #.# .....
.............###.# .....
..............##.##.....
.####.######..##.#......
#.# #..##...r.... #..#
##..#........ ##.#
##.#wg...... ..
#.#@....... #.#
#..$..$.... .#
#..##...... ..#......#
#..... #.#.###..# #####
##.# #.# ... ...


You could see a worm, a goblin and a rat.

Vanquished Creatures
  A dart slug (D:1)
  2 endoplasms
  A hobgoblin (D:1)
  2 kobolds
  A quokka (D:1)
7 creatures vanquished.

Notes
Turn   | Place    | Note
-------+----------+-------------------------------------------
     0 | D:1      | mistaj the Vine Stalker Fighter began the quest for the
                  | Orb.
     0 | D:1      | Reached XP level 1. HP: 11/11 MP: 2/2
    19 | D:1      | Reached XP level 2. HP: 13/16 MP: 3/3
    19 | D:1      | Identified a scroll of acquirement
    19 | D:1      | Acquired the +5 broad axe of the Boar {heavy, Str+4}
    37 | D:1      | You fall into a shaft and drop 1 floor!
    64 | D:2      | Slain by a goblin

Illustrated notes

Levels and vault maps discovered:
D:1:      dpeg_arrival_long_road, layout_basic
D:2:      layout_rooms, serial_shops, nicolae_shop_bloodbath_and_beyond

Skill      XL: |  1 |
---------------+----+-----
Axes           | 2 |  2.1
Fighting       | |  2.9
Armour         | |  2.4
Shields        | |  2.9

Action                     || total
---------------------------++-------
  Melee: War axe           ||     5
         Broad axe         ||     7
         Bite              ||     2
    Use: Scroll            ||     1
 Armour: Scale mail        ||     4
  Dodge: Dodged            ||     6
  Block: Buckler           ||     1

Table legend: (Time is in decaauts)
 A = Elapsed time spent in this place.
 B = Non-inter-level travel time spent in this place.
 C = Inter-level travel time spent in this place.
 D = Time resting spent in this place.
 E = Time spent auto-exploring this place.
 F = Levels seen in this place.
 G = Mean time per level.
                   A        B        C        D        E       F      G
               +--------+--------+--------+--------+--------+-----+--------+
         Total |     73 |     73 |      0 |      0 |     10 |   2 |   36.5 |
       Dungeon |     73 |     73 |      0 |      0 |     10 |   2 |   36.5 |
               +--------+--------+--------+--------+--------+-----+--------+

Top non-repeatable levels by time:
     D:1: 39 daAuts
     D:2: 33 daAuts
